 Dungeon Crawl Stone Soup version 0.19-a0-1720-gc855d72 (webtiles) character file.

59 Goblin1989 the Sneak (level 3, -1/27 HPs)
             Began as a Demonspawn Assassin on Sept 29, 2016.
             Slain by Ijyb
             ... wielding a +0 club
              (5 damage)
             ... on level 2 of the Dungeon.
             The game lasted 00:03:22 (1278 turns).

Goblin1989 the Sneak (Demonspawn Assassin)          Turns: 1278, Time: 00:03:22

Health: -1/27      AC:  8    Str: 11    XL:     3   Next: 78%
Magic:  3/3        EV: 11    Int: 12    God:
Gold:   94         SH:  0    Dex: 15    Spells: 0 memorised, 2 levels left

rFire  . . .     SeeInvis .     a - +2 dagger
rCold  . . .     Gourm    .     c - +0 robe
rNeg   . . .     Faith    .     (no shield)
rPois  .         Spirit   .     (no helmet)
rElec  .         Dismiss  .     d - +0 cloak
rCorr  .         Reflect  .     (no gloves)
MR     +....     Harm     .     o - +0 pair of boots
Stlth  +++.......               (no amulet)
                                (no ring)
                                m - ring of protection from magic

@: no status effects
A: thin metallic scales 2
a: no special abilities


You were on level 2 of the Dungeon.
You were not hungry.

You visited 1 branch of the dungeon, and saw 2 of its levels.

You collected 94 gold pieces.

Inventory:

Hand Weapons
 a - a +2 dagger (weapon)
 q - a +0 blowgun {@w1}
Missiles
 e - 8 poisoned needles
 f - 2 curare-tipped needles
Armour
 c - a +0 robe (worn)
 d - a +0 cloak (worn)
 o - a +0 pair of boots (worn)
Jewellery
 m - a ring of protection from magic (left hand)
Scrolls
 h - a scroll of teleportation {unknown}
 i - a scroll of amnesia {unknown}
 k - 2 scrolls of random uselessness {unknown}
 n - a scroll of identify {unknown}
 r - 4 scrolls of noise {unknown}
Potions
 b - a potion of curing {unknown}
 l - a potion of heal wounds {unknown}
 s - a potion of haste {unknown}
Comestibles
 g - 3 bread rations
 j - 3 fruits
 p - 2 meat rations
 t - a beef jerky
 u - a chunk of flesh


   Skills:
 - Level 2.0 Fighting
 * Level 3.3 Short Blades
 - Level 1.7 Throwing
 - Level 0.8 Dodging
 + Level 4.0 Stealth


You had 2 spell levels left.
You didn't know any spells.

Dungeon Overview and Level Annotations

Branches:
Dungeon (2/15)

Altars:

Annotations:
D:2 Ijyb, Sigmund


Innate Abilities, Weirdness & Mutations

You are mostly covered in thin metallic scales. (AC +3)


Message History

Ijyb barely misses you.
You're too confused to move!
Something hits you!
* * * LOW HITPOINT WARNING * * *
Ijyb misses you.
You barely miss something.
You feel less confused.
Ijyb zaps a wand.
You resist with almost no effort. Something hits you but does no damage.
You hit Ijyb but do no damage.
Ijyb is severely wounded.
Something barely misses you.
Ijyb zaps a wand.
You resist with almost no effort.
You hit Ijyb but do no damage.
Ijyb is severely wounded.
Ijyb barely misses you. Something completely misses you.
You hit Ijyb but do no damage.
Ijyb is severely wounded.
Ijyb screams, "Me stronger than you!" Ijyb hits you with a club.
You die...

ਜ..........ਜ.ਜ
ਜਜਜ.ਜਜਜਜਜਜ.ਜ.ਜ ..
ਜ.ਜ ਜ.ਜ.ਜ
ਜ.ਜਜਜਜਜਜਜਜਜਜ.ਜਜਜਜ
ਜ.ਜ.ਜ
...............ਜ
ਜ.ਜ.ਜ
ਜ........ਜ.ਜਜ.ਜ
ਜ.ਜ.ਜ ਜ....!...ਜ.ਜ
.ਜਜਜ.ਜ ਜ..........ਜ
.ਜ...ਜ
ਜ......g@ਜਜਜਜ.ਜਜਜ.ਜ
ਜ.!....{........ਜ.ਜ
ਜ.........ਜਜਜ.ਜ.ਜ.ਜ
ਜਜਜਜਜਜਜਜਜ.ਜ .ਜ.ਜ.ਜ
... ਜ.ਜ.ਜ
ਜਜਜਜਜਜਜਜ...ਜ
.........ਜ.ਜgਜ
ਜਜਜਜਜਜਜਜ.ਜਜਜ.ਜ
..........ਜ.ਜ


You could see Ijyb.

Vanquished Creatures
  An adder (D:2)
  A gnoll (D:1)
  A dart slug (D:1)
  A giant cockroach (D:1)
  3 goblins
  4 hobgoblins
  11 jackals
  2 bats (D:1)
  A frilled lizard (D:1)
  6 kobolds
  4 rats
35 creatures vanquished.

Notes
Turn   | Place    | Note
-------+----------+-------------------------------------------
     0 | D:1      | Goblin1989 the Demonspawn Assassin began the quest for the Orb.
     0 | D:1      | Reached XP level 1. HP: 16/16 MP: 1/1
   122 | D:1      | Gained mutation: You are partially covered in thin metallic scales. (AC +2) [demonic ancestry]
   122 | D:1      | Reached XP level 2. HP: 22/22 MP: 2/2
   679 | D:1      | Gained mutation: You are mostly covered in thin metallic scales. (AC +3) [demonic ancestry]
   679 | D:1      | Reached XP level 3. HP: 25/27 MP: 3/3
  1007 | D:2      | Reached skill level 4 in Stealth
  1109 | D:2      | Noticed Sigmund
  1153 | D:2      | Noticed Ijyb
  1278 | D:2      | Slain by Ijyb

Vault maps used:
D:1:      dpeg_arrival_ternary, minmay_misc_feat_cross
D:2:      old_standard_altar, first_bread, uniq_sigmund, uniq_iyjb

Skill      XL: |  1  2  3 |
---------------+----------+-----
Short Blades   | 2 3 |  3.3
Stealth        | 4 |  4.0
Fighting       | |  2.0
Throwing       | |  1.7
Dodging        | |  0.8

Action                   || total
-------------------------++-------
Melee: Dagger            ||   220
 Stab: Sleeping          ||     7
  Eat: Chunk             ||     1
Armor: Robe              ||    69
Dodge: Dodged            ||   122

Vault maps used:
D:1:      dpeg_arrival_ternary, minmay_misc_feat_cross
D:2:      old_standard_altar, first_bread, uniq_sigmund, uniq_iyjb
